 Dungeon Crawl Stone Soup version 0.21-a0-320-gefad53e (webtiles) character file.

1517 Espgualade the Magician (level 8, -1/50 HPs)
             Began as a Tengu Ice Elementalist on Sept 30, 2017.
             Killed from afar by an orc wizard (5 damage)
             ... with a magic dart
             ... on level 6 of the Dungeon.
             The game lasted 00:20:54 (7249 turns).

Espgualade the Magician (Tengu Ice Elementalist)    Turns: 7249, Time: 00:20:54

Health: -1/50      AC:  4    Str:  8    XL:     8   Next: 83%
Magic:  17/18      EV: 16    Int: 17    God:
Gold:   307        SH:  0    Dex: 16    Spells: 9/19 levels left

rFire    + . .     SeeInvis .   p - +6 spear "Ytuugytho" {venom, rF+}
rCold    + . .     Gourm    .   (no shield)
rNeg     . . .     Faith    .   a - +0 robe
rPois    .         Spirit   .   (helmet restricted)
rElec    .         Reflect  .   w - +0 cloak
rCorr    .         Harm     .   u - +0 pair of gloves
MR       .....                  (boots unavailable)
Stlth    +++.......             (no amulet)
HPRegen  0.16/turn              q - ring of protection from cold
MPRegen  0.16/turn              m - +1 ring of evasion (curse)

@: no status effects
A: beak, talons 3, able to fly 1
a: Fly


You were on level 6 of the Dungeon.
You were hungry.

You visited 1 branch of the dungeon, and saw 6 of its levels.
You also visited: Sewer.

You collected 307 gold pieces.

Inventory:

Hand Weapons
 e - a +0 mace of draining
 j - a +2 dagger of protection
 p - the +6 spear "Ytuugytho" (weapon) {venom, rF+}
   (You found it on level 5 of the Dungeon)

   It poisons the flesh of those it strikes.
   It protects you from fire.
 r - a +0 whip of venom
Armour
 a - a +0 robe (worn)
 u - a +0 pair of gloves (worn)
 w - a +0 cloak (worn)
Jewellery
 m - a cursed +1 ring of evasion (right hand)
 n - a +4 ring of evasion
 q - a ring of protection from cold (left hand)
Wands
 k - a wand of paralysis (13/24)
Scrolls
 f - 4 scrolls of identify
 o - a scroll of amnesia {unknown}
 s - a scroll of teleportation
Potions
 g - 2 potions of cancellation
 h - a potion of mutation
 l - 5 potions of flight
 v - a potion of agility
Books
 b - a book of Frost

   Spells                             Type                      Level
   a - Freeze                         Ice                          1
   b - Throw Frost                    Conjuration/Ice              2
   c - Ozocubu's Armour               Charms/Ice                   3
   d - Throw Icicle                   Conjuration/Ice              4
   e - Summon Ice Beast               Ice/Summoning                4
 t - a book of Cantrips

   Spells                             Type                      Level
   a - Confusing Touch                Hexes                        1
   b - Animate Skeleton               Necromancy                   1
   c - Summon Small Mammal            Summoning                    1
   d - Apportation                    Translocation                1
Comestibles
 c - 3 bread rations
 d - 2 royal jellies


   Skills:
 - Level 5.4 Fighting
 - Level 5.0 Dodging
 - Level 5.0 Stealth
 - Level 6.0 Spellcasting
 - Level 1.3 Conjurations
 + Level 3.5 Ice Magic


You had 9 spell levels left.
You knew the following spells:

 Your Spells              Type           Power        Failure   Level  Hunger
a - Freeze                Ice            ###.         3%          1    None
b - Throw Frost           Conj/Ice       ##....       7%          2    None
c - Ozocubu's Armour      Chrm/Ice       ##......     19%         3    ##.....
d - Throw Icicle          Conj/Ice       ##......     43%         4    ####...


Dungeon Overview and Level Annotations

Branches:
Dungeon (6/15)
 Temple: D:4-7

Altars:
Trog


Innate Abilities, Weirdness & Mutations

You have a beak for a mouth.
You have claws for feet.
You can fly.


Message History

The orc wizard completely misses you. The orc priest hits you with a flail!
* * * LOW HITPOINT WARNING * * *
Okay, then.
Okay, then.
Casting: Freeze
Confirm with . or Enter, or press ? or * to list all spells.
Aiming: Freeze
Press: ? - help, Shift-Dir - straight line, f - orc wizard
Aim: an orc wizard, wielding a dagger and wearing a robe You freeze the orc wizard.
The orc wizard is heavily wounded.
The orc wizard gestures wildly while chanting.
The orc wizard seems to speed up.
The orc priest hits you with a flail.
* * * LOW HITPOINT WARNING * * *
You hit the orc priest.
You kill the orc priest!
The orc wizard completely misses you. The orc wizard casts a spell at you.
The magic dart hits you!
You die...

##.#.##.###.#.#
.............. ###
..$.#.....#.# #≈≈.
##...........
≈≈..[#............
§D.....>....<.....
≈§...#...#..#####
... #.....<..o)# .
#..#.#.####@#
#.##.#....#.# #.
#.#o#..#.####+####
#.
#o#.#..#..........
#. #.#.#
.#.......... #.#.#
.#..........
#.#.####..........
#......####.....
######## #####


You could see an orc wizard.

Vanquished Creatures
  An orc warrior (D:5)
  An ice beast (D:5)
  A phantom (D:4)
  Purgy (Sewer)
  An ogre (D:4)
  A centaur (D:5)
  A scorpion (D:5)
  2 howler monkeys
  A bullfrog zombie (D:5)
  2 crimson imps (D:5)
  A centaur skeleton (D:5)
  A jelly (D:6)
  8 orc priests
  A bullfrog skeleton (D:4)
  3 orc wizards
  Crazy Yiuf (D:5)
  Terence (D:2)
  A worker ant (D:4)
  2 hound skeletons
  A worker ant zombie (D:5)
  Robin (D:3)
  3 gnolls (D:4)
  4 adders
  A river rat (D:3)
  A shadow imp (D:5)
  An ooze (D:3)
  2 adder skeletons
  2 worms
  5 dart slugs
  3 leopard geckos
  19 orcs
  9 bats
  3 giant cockroaches
  14 goblins
  10 hobgoblins
  10 jackals
  3 quokkas
  2 ball pythons
  8 frilled lizards
  5 kobolds
  A leopard gecko zombie (D:5)
  A quokka zombie (D:5)
  7 rats
147 creatures vanquished.

Notes
Turn   | Place    | Note
-------+----------+-------------------------------------------
     0 | D:1      | Espgualade the Tengu Ice Elementalist began the quest for the Orb.
     0 | D:1      | Reached XP level 1. HP: 10/10 MP: 4/4
     1 | D:1      | Noticed an electric eel
   174 | D:1      | Reached skill level 1 in Fighting
   354 | D:2      | Reached XP level 2. HP: 16/16 MP: 6/6
   893 | D:2      | Reached XP level 3. HP: 20/22 MP: 7/7
   960 | D:2      | Noticed Terence
  1023 | D:2      | Learned a level 2 spell: Throw Frost
  1027 | D:2      | Learned a level 3 spell: Ozocubu's Armour
  1130 | D:2      | Reached XP level 4. HP: 2/29 MP: 0/8
  1580 | D:2      | Killed Terence
  1721 | D:2      | Gained mutation: You can fly. [Tengu growth]
  1721 | D:2      | Reached XP level 5. HP: 27/34 MP: 5/9
  1872 | D:2      | Found a bloodstained altar of Trog.
  1919 | D:3      | Found a glowing drain.
  1928 | Sewer    | Entered a sewer
  1958 | Sewer    | Noticed Purgy
  2061 | Sewer    | Killed Purgy
  2061 | Sewer    | Reached skill level 5 in Fighting
  2078 | D:3      | Reached XP level 6. HP: 18/40 MP: 10/10
  2412 | D:3      | Noticed Robin
  3890 | D:3      | Reached XP level 7. HP: 19/44 MP: 6/11
  4386 | D:4      | Learned a level 4 spell: Throw Icicle
  5090 | D:4      | Reached skill level 5 in Dodging
  5123 | D:4      | Reached skill level 5 in Stealth
  5160 | D:5      | Entered Level 5 of the Dungeon
  5283 | D:5      | Reached skill level 3 in Spellcasting
  5283 | D:5      | Reached XP level 8. HP: 26/50 MP: 7/13
  6076 | D:3      | Reached skill level 4 in Spellcasting
  6104 | D:3      | Killed Robin
  6791 | D:5      | Reached skill level 5 in Spellcasting
  6849 | D:5      | Reached skill level 6 in Spellcasting
  6922 | D:5      | Got a bone spear
  6923 | D:5      | Identified the +6 spear "Ytuugytho" {venom, rF+} (You found it on level 5 of the Dungeon)
  7004 | D:5      | Found a runed door.
  7035 | D:5      | Noticed Crazy Yiuf
  7040 | D:5      | Killed Crazy Yiuf
  7249 | D:6      | Killed from afar by an orc wizard

Vault maps used:
D:1:      arrival_aquarium_a
D:2:      lemuel_coloured_pillars_altar, uniq_terence
D:3:      cheibrodos_sewer_entry_sluice, uniq_robin
D:4:      minmay_crystal_room, uniq_purgy
D:5:      first_bread, uniq_crazy_yiuf_cottage
D:6:      cheibrodos_steamvent, minmay_temple_entry_enclosed_plants
Sewer:    sewer_co_purgy_island

Skill      XL: |  1  2  3  4  5  6  7  8 |
---------------+-------------------------+-----
Fighting       | 1 2 3 4 5 |  5.4
Dodging        | 3 5 |  5.0
Stealth        | 3 5 |  5.0
Spellcasting   | 3 6 |  6.0
Ice Magic      | 3 |  3.5
Conjurations   | |  1.3

Action                   |  1- 3 |  4- 6 |  7- 9 || total
-------------------------+-------+-------+-------++-------
Melee: Dagger            |    49 |   131 |   242 ||   422
       Kick              |    10 |    32 |    59 ||   101
       Unarmed           |     4 |       |       ||     4
       Peck              |     2 |    15 |    45 ||    62
       Spear             |       |       |    21 ||    21
 Cast: Freeze            |    14 |    39 |    37 ||    90
       Ozocubu's Armour  |       |     1 |     2 ||     3
       Throw Frost       |       |     5 |     9 ||    14
 Abil: Fly               |       |       |     1 ||     1
  Use: Scroll            |     1 |     4 |     7 ||    12
       Potion            |       |     2 |     4 ||     6
 Stab: Sleeping          |     3 |     3 |     5 ||    11
       Distracted        |       |       |     1 ||     1
  Eat: Chunk             |       |     5 |     4 ||     9
       Bread ration      |       |     2 |     1 ||     3
Armor: Robe              |    13 |    53 |    78 ||   144
Dodge: Dodged            |    36 |   167 |   172 ||   375

Table legend:
 A = Spawn XP
 B = Non-spawn XP
 C = Spawn XP percentage of total XP
 D = Spawn monster count
 E = Non-spawn monster count
 F = Spawn count percentage of total count
 G = Total turns spent on level
                    A         B        C        D         E        F      G
               +---------+---------+-------+---------+---------+-------+---------
         Total |       0 |    2168 |   0.0 |       0 |     147 |   0.0 |  7249
               +---------+---------+-------+---------+---------+-------+---------
           D:1 |       0 |       9 |   0.0 |       0 |       6 |   0.0 |   343
           D:2 |       0 |     253 |   0.0 |       0 |      33 |   0.0 |  2100
           D:3 |       0 |     306 |   0.0 |       0 |      53 |   0.0 |  1538
           D:4 |       0 |     554 |   0.0 |       0 |      21 |   0.0 |  1711
           D:5 |       0 |     790 |   0.0 |       0 |      22 |   0.0 |  1356
           D:6 |       0 |     121 |   0.0 |       0 |       4 |   0.0 |    52
         Sewer |       0 |     135 |   0.0 |       0 |       8 |   0.0 |   149
               +---------+---------+-------+---------+---------+-------+---------
